 Dungeon Crawl Stone Soup version 0.27.1-33-g824d729ab1 (webtiles) character file.

Game seed: 9290317838166307447

1024 LLlMATKO the Skirmisher (level 8, -11/71 HPs)
             Began as a Minotaur Berserker on Dec 30, 2021.
             Was a Believer of Trog.
             Mangled by Menkaure (14 damage)
             ... on level 6 of the Dungeon.
             The game lasted 00:04:22 (4168 turns).

LLlMATKO the Skirmisher (Minotaur Berserker)        Turns: 4168, Time: 00:04:23

Health: -11/71     AC:  9    Str: 21    XL:     8   Next: 2%
Magic:  7/7        EV: 12    Int:  4    God:    Trog [**....]
Gold:   238        SH:  0    Dex: 13    Spells: 7/7 levels left

rFire    . . .     SeeInvis +   e - +2 whip (elec)
rCold    . . .     Faith    .   (no shield)
rNeg     . . .     Spirit   .   b - +1 scale mail {rPois}
rPois    +         Reflect  .   (helmet restricted)
rElec    .         Harm     .   (no cloak)
rCorr    .         Rampage  .   (no gloves)
Will     .....                  l - +0 pair of boots
Stlth    ..........             (no amulet)
HPRegen  0.21/turn              m - ring of see invisible
MPRegen  0.10/turn              (no ring)

@: on berserk cooldown, slowed, very slow
A: horns 2, retaliatory headbutt
a: Renounce Religion, Berserk, Trog's Hand


You were on level 6 of the Dungeon.
You worshipped Trog.
Trog was pleased with you.
You visited 1 branch of the dungeon, and saw 6 of its levels.

You collected 238 gold pieces.

Inventory:

Hand Weapons
 e - a +2 whip of electrocution (weapon)
Missiles
 u - 14 bolts
Armour
 b - a +1 scale mail of poison resistance (worn)
 l - a +0 pair of boots (worn)
 t - a +0 plate armour of fire resistance
Jewellery
 m - a ring of see invisible (left hand)
Wands
 o - a wand of digging (4)
Scrolls
 a - 2 scrolls of teleportation {unknown}
 c - 2 scrolls of noise {unknown}
 d - 10 scrolls of identify {unknown}
 h - a scroll of vulnerability {unknown}
 i - 2 scrolls of enchant armour {unknown}
 n - a scroll of magic mapping {unknown}
 q - a scroll of immolation {unknown}
 r - a scroll of amnesia {unknown}
 s - a scroll of fear {unknown}
Potions
 f - 4 potions of curing {unknown}
 g - a potion of heal wounds {unknown}
 j - 2 potions of haste {unknown}
 k - 2 potions of attraction {unknown}
 p - a potion of resistance {unknown}


   Skills:
 + Level 6.6 Fighting
 + Level 6.6 Maces & Flails
 + Level 6.0 Armour
 + Level 5.5 Dodging


You had 7 spell levels left.
You didn't know any spells.
Your spell library was empty.

Dungeon Overview and Level Annotations

Branches:
Dungeon (6/15)             Temple (0/1) D:4

Altars:
Sif Muna
Uskayaw

Shops:
D:1 ?   D:2 :

Annotations:
D:6 Menkaure


Innate Abilities, Weirdness & Mutations

You have a pair of horns on your head.
You reflexively headbutt those who attack you in melee.


Message History

The electric eel completely resists.
A red film seems to cover your vision as you go berserk!
You feel yourself moving faster!
You feel mighty!
You whack the electric eel!
The electric eel is severely wounded.
You whack the electric eel!
You feel the power of Trog in you as your rage grows.
You kill the electric eel!
Trog accepts your kill.
You have reached level 8!
You feel agile.
Menkaure, Prince of Dust comes into view.
You feel a strong urge to attack something.
Menkaure shouts!
You see here 14 bolts.
u - 14 bolts You feel your anger nearly subside.
You are no longer berserk.
You are exhausted.
You feel yourself slow down.
An ufetubus comes into view.
Found a book of Frost.
The ufetubus shouts!
Menkaure gestures at you while chanting.
Pain shoots through your body! The ufetubus closely misses you.
You furiously retaliate!
You headbutt the ufetubus!
You kill the ufetubus!
Trog accepts your kill.
Menkaure casts a spell.
Menkaure seems to speed up.
Menkaure points at you and mumbles some strange words.
Pain shoots through your body!
* * * LOW HITPOINT WARNING * * *
There is a stone staircase leading down here.
Menkaure hits you!!
* * * LOW HITPOINT WARNING * * *
Menkaure blazes with dark energy!
Menkaure hits you!
You die...

#.≈≈≈≈≈.# ##...:....
##.####.####...######
#.####.#.....##
.....#...##.##
#....###.# ###>#...$#
##.#.#### #M...#
#@#.## #..#.# #....#
#.#### .. ###


You could see Menkaure (fast).

Vanquished Creatures
  A black bear (D:4)
  A phantom (D:4)
  A bullfrog (D:5)
  A scorpion (D:5)
  4 killer bees (D:4)
  An electric eel (D:6)
  A bullfrog zombie (D:5)
  The ghost of Sapher the Gusty, a weakling TeAE (D:3)
  2 jellies (D:5)
  A bullfrog skeleton (D:4)
  5 iguanas
  2 orc wizards (D:5)
  6 gnolls
  2 adders (D:4)
  A howler monkey skeleton (D:5)
  An ufetubus (D:6)
  5 dart slugs
  7 orcs
  3 endoplasms
  5 giant cockroaches
  4 goblins
  9 hobgoblins
  5 jackals (D:3)
  9 kobolds
  4 quokkas
  5 ball pythons
  4 bats
  A rat (D:2)
92 creatures vanquished.

Notes
Turn   | Place    | Note
-------+----------+-------------------------------------------
     0 | D:1      | LLlMATKO the Minotaur Berserker began the quest for the
                  | Orb.
     0 | D:1      | Reached XP level 1. HP: 19/19 MP: 0/0
   110 | D:1      | Found Amekh's Magic Scroll Emporium.
   329 | D:1      | Reached XP level 2. HP: 23/27 MP: 1/1
  1061 | D:2      | Reached XP level 3. HP: 33/33 MP: 2/2
  1073 | D:2      | Found Dasunkeg's Book Shop.
  1120 | D:2      | Found a shimmering blue altar of Sif Muna.
  1360 | D:2      | Reached ** piety under Trog
  1621 | D:2      | Reached XP level 4. HP: 11/40 MP: 3/3
  2097 | D:3      | Found a hide-covered altar of Uskayaw.
  2121 | D:3      | Found a faded altar of an unknown god.
  2138 | D:3      | Noticed Sapher's ghost (weakling TeAE)
  2142 | D:3      | Found a runed translucent door.
  2523 | D:3      | Killed Sapher's ghost
  2547 | D:4      | Noticed a phantom
  2553 | D:4      | Killed a phantom
  2554 | D:4      | Reached XP level 5. HP: 35/47 MP: 4/4
  2701 | D:4      | Noticed a black bear
  2707 | D:4      | Killed a black bear
  2708 | D:4      | Reached skill level 5 in Fighting
  2708 | D:4      | Reached skill level 5 in Maces & Flails
  2708 | D:4      | Reached XP level 6. HP: 51/56 MP: 5/5
  3122 | D:4      | Found a staircase to the Ecumenical Temple.
  3144 | D:4      | Reached skill level 5 in Armour
  3147 | D:4      | Reached XP level 7. HP: 43/62 MP: 6/6
  3448 | D:5      | Entered Level 5 of the Dungeon
  3703 | D:5      | Reached skill level 5 in Dodging
  4148 | D:6      | Reached XP level 8. HP: 51/71 MP: 7/7
  4149 | D:6      | Noticed Menkaure
  4167 | D:6      | HP: 3/71 [Menkaure (18)]
  4168 | D:6      | Mangled by Menkaure

Illustrated notes

Levels and vault maps discovered:
D:1:      minmay_arrival_pointy, layout_loops_ring, serial_shops,
          nicolae_shop_trees
D:2:      layout_basic, serial_shops, nicolae_shop_statue_plus, basic_altar,
          serial_forest, infiniplex_forest_end_1, infiniplex_forest_3_way,
          infiniplex_forest_lined_room_2, infiniplex_forest_clump_double,
          infiniplex_forest_straight_4
D:3:      layout_rooms, nicolae_uskayaw_dance_hall,
          hellmonk_ghost_happy_afterlife,
          hellmonk_ecumenical_altar_leap_of_faith
D:4:      layout_loops_ring, minmay_temple_entry_butterflies
D:5:      layout_gridville
D:6:      layout_rooms, minmay_splitting_lines, minmay_crystal_water,
          hangedman_decor_opposing, minmay_between, uniq_menkaure,
          uniq_crazy_yiuf_cottage, uniq_pikel

Skill      XL: |  1  2  3  4  5  6  7 |
---------------+----------------------+-----
Fighting       | 4 5 6 |  6.6
Maces & Flails | 4 5 6 |  6.6
Armour         | 3 4 5 6 |  6.0
Dodging        | 3 4 5 |  5.5

Action                   |  1- 3 |  4- 6 |  7- 9 || total
-------------------------+-------+-------+-------++-------
Melee: Mace              |    14 |       |       ||    14
       Headbutt          |     4 |     7 |    12 ||    23
       Whip              |    36 |    67 |    68 ||   171
Invok: Berserk           |       |     1 |     1 ||     2
 Stab: Sleeping          |     1 |       |       ||     1
Armor: Animal skin       |     8 |    12 |       ||    20
       Plate armour      |       |    12 |    16 ||    28
       Scale mail        |       |       |     8 ||     8
Dodge: Dodged            |    16 |    45 |    19 ||    80
